 Dungeon Crawl Stone Soup version 0.18.1-50-g88ac8fd (webtiles) character file.

215 mopl the Slasher (level 5, -1/26 HPs)
             Began as a Vine Stalker Warper on May 17, 2017.
             Slain by a river rat (5 damage)
             ... in a sewer.
             The game lasted 00:04:48 (1652 turns).

mopl the Slasher (Vine Stalker Warper)              Turns: 1652, Time: 00:04:49

Health: -1/26      AC:  3    Str: 14    XL:     5   Next: 92%
Magic:  0/9        EV: 12    Int: 13    God:
Gold:   149        SH:  0    Dex: 14    Spells: 1 memorised, 7 levels left

rFire  . . .     SeeInvis .     a - +0 long sword
rCold  . . .     Gourm    .     l - +0 robe (curse)
rNeg   . . .     Faith    .     (no shield)
rPois  .         Spirit   +     (no helmet)
rElec  .         Dismiss  .     k - +0 cloak
rCorr  .         Reflect  .     (no gloves)
SustAt .         Harm     .     (no boots)
MR     .....                    (no amulet)
Stlth  +.........               (no ring)
                                (no ring)

@: not resistant to hostile enchantments, very unstealthy
A: fangs 2, regeneration 1, magic shield, antimagic bite, no device heal 3, rot
immunity
a: no special abilities


You were in a sewer.
You were not hungry.

You visited 1 branch of the dungeon, and saw 3 of its levels.
You also visited: Sewer.

You collected 149 gold pieces.

Inventory:

Hand Weapons
 a - a +0 long sword (weapon)
Missiles
 e - 5 tomahawks of dispersal (quivered)
 h - 39 poisoned needles
Armour
 i - a +0 shield
 k - a +0 cloak (worn)
 l - a cursed +0 robe (worn)
 p - a +0 ring mail
Scrolls
 d - a scroll of blinking
 g - 3 scrolls of identify {unknown}
 n - a scroll of teleportation {unknown}
 o - a scroll of fear {unknown}
 s - a scroll of fog {unknown}
 t - 3 scrolls of recharging {unknown}
Potions
 j - a potion of agility {unknown}
 m - a potion of ambrosia {unknown}
Books
 c - a book of Spatial Translocations

   Spells                             Type                      Level
   a - Apportation                    Translocation                1
   b - Blink                          Translocation                2
   c - Shroud of Golubria             Charms/Translocation         2
   d - Portal Projectile              Translocation                3
   e - Teleport Other                 Translocation                3
   f - Passage of Golubria            Translocation                4
Comestibles
 b - 2 chunks of flesh
 f - a bread ration
 q - a meat ration
 r - 3 fruits


   Skills:
 - Level 1.7 Fighting
 * Level 5.4 Long Blades
 - Level 0.8 Throwing
 - Level 0.7 Armour
 - Level 1.5 Dodging
 - Level 2.1 Spellcasting
 - Level 3.0 Translocations


You had 7 spell levels left.
You knew the following spells:

 Your Spells              Type           Power        Failure   Level  Hunger
a - Apportation           Tloc           #.........   10%         1    ##.....


Dungeon Overview and Level Annotations

Branches:
Dungeon (3/15)

Altars:
Okawaru


Innate Abilities, Weirdness & Mutations

You have extremely sharp teeth.
Your natural rate of healing is unusually fast.
When hurt, damage is shared between your health and your magic reserves.
Your bite disrupts and absorbs the magic of your enemies.
Potions and wands cannot restore your health.
You are immune to rotting.


Message History

3 rats come into view.
You see here a leather armour.
You hit the river rat. You bite the river rat. You drain its power.
The river rat is severely wounded.
The river rat bites you! The river rat completely misses you.
You hit the river rat but do no damage. Your bite misses the river rat.
The river rat is severely wounded.
The river rat bites you.
You completely miss the river rat.
The river rat is severely wounded.
The river rat bites you!
You are too injured to fight recklessly!
You are too injured to fight recklessly!
You are too injured to fight recklessly!
You completely miss the river rat. Your bite misses the river rat.
The river rat is severely wounded.
The rat bites you. The river rat bites you!
* * * LOW HITPOINT WARNING * * *
The river rat bites you.
You die...

#####################.
###..≈≈≈≈≈≈≈≈≈.≈≈≈≈≈≈..r
##....≈≈≈≈≈≈≈≈...≈≈≈≈≈...
##.....≈≈≈≈≈≈≈≈@..≈≈≈≈≈...
#......≈≈≈≈≈≈≈rrr.≈≈≈≈≈...
##......≈≈≈≈≈≈≈≈...≈≈≈≈≈...
#.......≈≈≈≈≈≈≈≈≈.≈≈≈≈≈≈..#
#.....#####################
#....#### ...÷.'..#
....##..# ....#####


You could see a river rat and 2 rats.

Vanquished Creatures
  Natasha (thrice) (D:2)
  5 adders
  4 river rats
  A dart slug (D:2)
  An orc (D:3)
  3 bats
  3 giant cockroaches
  2 goblins
  4 hobgoblins
  6 jackals
  4 kobolds
  6 ball pythons
  3 giant newts (D:1)
  23 rats
68 creatures vanquished.

Notes
Turn   | Place    | Note
--------------------------------------------------------------
     0 | D:1      | mopl the Vine Stalker Warper began the quest for the Orb.
     0 | D:1      | Reached XP level 1. HP: 11/11 MP: 4/4
    88 | D:1      | Reached skill level 2 in Long Blades
   188 | D:1      | Reached XP level 2. HP: 13/15 MP: 6/6
   515 | D:2      | Reached skill level 3 in Long Blades
   515 | D:2      | Reached XP level 3. HP: 9/18 MP: 3/7
   597 | D:2      | Noticed Natasha
   652 | D:2      | Killed Natasha
   652 | D:2      | Reached XP level 4. HP: 3/23 MP: 4/8
   734 | D:2      | Found an iron altar of Okawaru.
   760 | D:2      | Noticed Natasha
   768 | D:2      | Killed Natasha
   768 | D:2      | Reached skill level 4 in Long Blades
   826 | D:2      | Noticed Natasha
   917 | D:2      | Killed Natasha
   917 | D:2      | Reached XP level 5. HP: 9/26 MP: 3/9
  1273 | D:3      | Found a glowing drain.
  1301 | D:3      | Reached skill level 5 in Long Blades
  1344 | Sewer    | Entered a sewer
  1652 | Sewer    | Slain by a river rat

Skill      XL: |  1  2  3  4  5 |
---------------+----------------+-----
Long Blades    | 2 3 4 5 |  5.4
Fighting       | |  1.7
Throwing       | |  0.8
Armour         | |  0.7
Dodging        | |  1.5
Spellcasting   | |  2.1
Translocations | |  3.0

Action                   |  1- 3 |  4- 6 || total
-------------------------+-------+-------++-------
Melee: Falchion          |    95 |     2 ||    97
       Bite              |    21 |    27 ||    48
       Long sword        |       |   143 ||   143
 Stab: Sleeping          |     1 |       ||     1
  Eat: Chunk             |       |     3 ||     3
Armor: Leather armour    |    30 |       ||    30
       Robe              |     3 |    43 ||    46
Dodge: Dodged            |    61 |   136 ||   197
